 Dungeon Crawl Stone Soup version 0.31-a0-986-g5e6e4ef867 (webtiles) character file.

Game seed: 5203783505855364390

5 Danienth the Sneak (level 1, 0/18 HPs)
             Began as a Human Delver on Nov 7, 2023.
             Slain by a sleepcap (5 damage)
             ... on level 5 of the Dungeon.
             The game lasted 00:03:30 (227 turns).

Danienth the Sneak (Human Delver)                    Turns: 227, Time: 00:03:32

Health: 0/18       AC:  3    Str: 12    XL:     1   Next: 88%
Magic:  1/1        EV: 12    Int: 10    God:
Gold:   0          SH:  0    Dex: 14    Spells: 0/0 levels left

rFire   . . .        a - +0 hand axe
rCold   . . .        (no shield)
rNeg    . . .        b - +0 leather armour
rPois   .            (no helmet)
rElec   .            (no cloak)
rCorr   .            (no gloves)
SInv    .            (no boots)
Will    .....        (no amulet)
Stlth   +++          (no ring)
HPRegen 0.23/turn    (no ring)
MPRegen 0.07/turn

%: no passive effects
@: no status effects
A: no striking features
a: no special abilities


You were on level 5 of the Dungeon.
You visited 1 branch of the dungeon, and saw 2 of its levels.

Inventory:

Hand Weapons
 a - a +0 hand axe (weapon)
Armour
 b - a +0 leather armour (worn)
 e - a +2 helmet
Wands
 g - a wand of digging (3)
Scrolls
 c - a scroll of fog
 d - a scroll of revelation
Potions
 h - a potion of lignification {unknown}


   Skills:
 * Level 3.1 Fighting
 - Level 2.0 Axes
 * Level 2.1 Dodging
 * Level 5.1 Stealth


You couldn't memorise any spells.
You didn't know any spells.
Your spell library was empty.

Dungeon Overview and Level Annotations

Branches:
Dungeon (5/15)
 Temple: D:4-7

Altars:


Message History

You are engulfed in a cloud of soporific spores!
You are unaffected.
You are too injured to fight recklessly!
You are too injured to fight recklessly!
You are too injured to fight recklessly!
You are too injured to fight recklessly!
You are too injured to fight recklessly!
Cleave: a) +0 hand axe
Press: ? - help, Dir - move target, f - sleepcap
Aim: a sleepcap (moderately damaged, about 2% to evade your +0 hand axe)
You hit the sleepcap but do no damage.
The sleepcap is moderately damaged.
The sleepcap closely misses you.
Cleave: a) +0 hand axe
Press: ? - help, Dir - move target, f/p - sleepcap
Aim: a sleepcap (moderately damaged, about 2% to evade your +0 hand axe)
The iguana hisses angrily.
You hit the sleepcap.
The sleepcap is moderately damaged.
The sleepcap releases spores at you.
* * * LOW HITPOINT WARNING * * *
You are engulfed in a cloud of soporific spores!
You are unaffected.
The sleepcap closely misses you.
As you read the scroll of fear, it crumbles to dust.
You assume a fearsome visage.
The iguana looks frightened!
The sleepcap is unaffected.
The sleepcap closely misses you.
Cleave: a) +0 hand axe
Press: ? - help, Dir - move target, f/p - sleepcap
Aim: a sleepcap (moderately damaged, about 2% to evade your +0 hand axe)
You hit the sleepcap.
The sleepcap is heavily damaged.
The sleepcap releases spores at you.
* * * LOW HITPOINT WARNING * * *
Cleave: a) +0 hand axe
Press: ? - help, Dir - move target, f/p - sleepcap
Aim: a sleepcap (heavily damaged, about 2% to evade your +0 hand axe)
You hit the sleepcap.
The sleepcap is severely damaged.
The sleepcap releases spores at you.
You die...

#####.# ###.... #.#
#..## ....... .. ....
#...... .. .... .......
.##..## ..l.... .....
#.##### #...# #.#
##...# #.# ##.
##..@.###.# #.# #..
#...f.....#. #.# ..
.#.#......... #.# ##.#
..# #...###.#. #.# #..#
........... ..
#.###.###..h#.........
.
.((...(.....###...###.#
............# #.... ..
#...........# #.#.# .


You could see a sleepcap.

Vanquished Creatures
  A giant cockroach (D:4)
  2 jackals (D:5)
  A quokka (D:4)
4 creatures vanquished.

Notes
Turn   | Place    | Note
-------+----------+-------------------------------------------
     0 | D:5      | Danienth the Human Delver began the quest for the Orb.
     0 | D:5      | Reached XP level 1. HP: 18/18 MP: 1/1
    51 | D:5      | Noticed an iguana
    73 | D:5      | Noticed an iguana
   177 | D:4      | Noticed an orc priest
   212 | D:5      | Noticed a sleepcap
   227 | D:5      | Slain by a sleepcap

Illustrated notes

Levels and vault maps discovered:
D:4:      cheibrodos_greedy_goblins, layout_rooms,
          mainiacjoe_overflow_cross_hatched, gammafunk_temple_overflow_wave,
          minitemple, minmay_fire_ice_demons, uniq_blork_the_orc, uniq_sigmund,
          uniq_menkaure
D:5:      layout_basic, uniq_eustachio

Action                     || total
---------------------------++-------
  Melee: Hand axe          ||    25
  Throw: Dart              ||     4
    Use: Scroll            ||     3
         Potion            ||     1
 Armour: Leather armour    ||    14
  Dodge: Dodged            ||    13

Table legend: (Time is in decaauts)
 A = Elapsed time spent in this place.
 B = Non-inter-level travel time spent in this place.
 C = Inter-level travel time spent in this place.
 D = Time resting spent in this place.
 E = Time spent auto-exploring this place.
 F = Levels seen in this place.
 G = Mean time per level.
                   A        B        C        D        E       F      G
               +--------+--------+--------+--------+--------+-----+--------+
         Total |    212 |    188 |     24 |     12 |     38 |   2 |  106.0 |
       Dungeon |    212 |    188 |     24 |     12 |     38 |   2 |  106.0 |
               +--------+--------+--------+--------+--------+-----+--------+

Top non-repeatable levels by time:
     D:5: 117 daAuts
     D:4: 95 daAuts
